AoeStats
← Křovák

Enclosed

504245007Analyzed
1v1 RM · 29d ago on Sep 4, 2026· 87m 6s· 2 players
Game mode
Random Map
Map size
Tiny (2 player)
Population
200
Speed
Normal
Resources
Standard
Victory
Conquest
Starting age
Dark Age
Ending age
Imperial Age
RankedLock teamsTeams togetherTeam positionsShared explorationLock speedFull tech treeHidden civsTurbo modeCheats
Victory
Defeat
🇪🇸 Sicilians · Spain
868
+15
🇨🇿 Byzantines · Czechia
854
-15
Křovák
8:57 Loom
11:31 Feudal Age
12:10 Double-Bit Axe
15:30 Horse Collar
21:35 Castle Age
21:38 Fletching
23:15 Bow Saw
23:08 Heavy Plow
33:15 Imperial Age
30:43 Bodkin Arrow
35:03 Chemistry
34:26 Ballistics
34:11 Bracer
36:46 Two-Man Saw
39:29 Scale Barding Armor
39:34 Forging
43:13 Logistica
43:52 Murder Holes
46:27 Iron Casting
46:13 Chain Barding Armor
47:25 Elite Skirmisher
53:26 Padded Archer Armor
55:17 Onager
57:22 Wheelbarrow
58:26 Conscription
58:42 Hoardings
61:00 Leather Archer Armor
62:48 Pikeman
64:54 Halberdier
per1993
10:47 Feudal Age
14:15 Gold Mining
17:08 Castle Age
16:19 Horse Collar
16:30 Double-Bit Axe
18:00 Loom
20:55 Fervor
21:06 Sanctity
21:56 Gold Shaft Mining
23:17 Stone Mining
25:05 Heavy Plow
25:18 Town Watch
27:33 Wheelbarrow
28:30 Fletching
28:41 Scale Mail Armor
29:08 Hand Cart
30:17 Bow Saw
35:41 Imperial Age
33:23 Town Patrol
33:47 Ballistics
33:27 Pikeman
34:08 Bodkin Arrow
34:25 Forging
35:48 Padded Archer Armor
35:11 Elite Skirmisher
36:59 Capped Ram
38:27 Crop Rotation
38:18 Masonry
39:09 Chemistry
38:06 Murder Holes
39:32 Stone Shaft Mining
41:39 Hoardings
41:25 Conscription
41:41 Halberdier
42:24 Squires
42:09 Arson
43:03 Iron Casting
42:43 Chain Mail Armor
43:50 Arrowslits
45:31 Siege Ram
51:37 Onager
53:22 Bracer
54:22 Blast Furnace
53:53 Plate Mail Armor
53:29 Scale Barding Armor
53:40 Leather Archer Armor
55:39 Siege Engineers
59:30 Bloodlines
59:20 Husbandry
58:41 Cavalier
63:02 Hauberk
68:05 Siege Onager
75:38 Chain Barding Armor
80:00 Herbal Medicine
83:29 Elite Serjeant
84:51 Crossbowman
Connection lost

Rejoining the realm…

Still unreachable

The connection could not be restored.

Session expired

The server has moved on; the page needs a fresh start.